2166 views
Uploaded 2022-04-16 23:52:48
Game version 1.32.0.6
75:19 long 3on3 ladder game on (6)Monsoon_LV
Saved by Cabeelibob
2166 views
Uploaded 2022-04-16 23:52:48
Game version 1.32.0.6
75:19 long 3on3 ladder game on (6)Monsoon_LV


121 units @ 11k
/ 1.3k
180 buildings @ 14.6k
/ 6.8k


| Scroll of Regeneration | 3 | 300 |
| total: | 3 | 300g |
| Peasant | 32 | 2400 | / | 0 |
| Mortar Team | 6 | 1080 | / | 420 |
| Flying Machine | 24 | 2400 | / | 720 |
| Dragonhawk Rider | 4 | 800 | / | 120 |
| Gryphon Rider | 1 | 280 | / | 70 |
| total: | 67 | 6960g | / | 1330w |
| Scout Tower | 58 | 1740 | / | 1160 |
| Arcane Tower | 1 | 70 | / | 50 |
| Guard Tower | 12 | 840 | / | 600 |
| Altar of Kings | 1 | 180 | / | 50 |
| Farm | 20 | 1600 | / | 400 |
| Lumber Mill | 1 | 120 | / | 0 |
| Town Hall | 3 | 1155 | / | 615 |
| Blacksmith | 1 | 140 | / | 60 |
| Arcane Vault | 1 | 130 | / | 30 |
| Workshop | 3 | 420 | / | 420 |
| Gryphon Aviary | 1 | 140 | / | 150 |
| Keep | 1 | 320 | / | 210 |
| Castle | 1 | 360 | / | 210 |
| total: | 89 | 5625g | / | 2885w |
| 0:02 | Peasant |
| 0:06 | Altar of Kings |
| 0:07 | Peasant |
| 0:10 | Peasant |
| 0:20 | Peasant |
| 0:29 | Farm |
| 0:30 | Peasant |
| 0:33 | Peasant |
| 0:46 | Peasant |
| 0:55 | Farm |
| 1:07 | Peasant |
| 1:19 | Lumber Mill |
| 1:20 | Peasant |
| 1:30 | Peasant |
| 1:39 | Peasant |
| 1:46 | Farm |
| 1:48 | Peasant |
| 2:01 | Peasant |
| 2:04 | Scout Tower |
| 2:12 | Storm Bolt |
| 2:16 | Peasant |
| 2:32 | Peasant |
| 2:33 | Arcane Tower |
| 2:43 | Peasant |
| 2:45 | Improved Masonry |
| 3:15 | Bash |
| 3:28 | Town Hall |
| 3:36 | Scout Tower |
| 3:43 | Peasant |
| 3:43 | Peasant |
| 3:54 | Scout Tower |
| 4:09 | Guard Tower |
| 4:15 | Peasant |
| 4:32 | Guard Tower |
| 4:34 | Scout Tower |
| 4:43 | Peasant |
| 5:02 | Guard Tower |
| 5:05 | Peasant |
| 5:07 | Peasant |
| 5:18 | Peasant |
| 5:27 | Scout Tower |
| 5:36 | Keep |
| 6:02 | Guard Tower |
| 6:03 | Scout Tower |
| 6:40 | Peasant |
| 7:56 | Castle |
| 8:02 | Blacksmith |
| 9:23 | Workshop |
| 9:26 | Workshop |
| 9:36 | Workshop |
| 10:01 | Black Gunpowder |
| 10:01 | Iron Plating |
| 10:29 | Fragmentation Shards |
| 10:36 | Flak Cannons |
| 10:50 | Flying Machine Bombs |
| 11:00 | Holy Light |
| 11:27 | Farm |
| 11:27 | Farm |
| 11:28 | Farm |
| 11:29 | Farm |
| 11:30 | Farm |
| 11:30 | Farm |
| 11:34 | Refined Gunpowder |
| 11:38 | Mortar Team |
| 11:39 | Flare |
| 12:13 | Improved Lumber Harvesting |
| 12:14 | Advanced Masonry |
| 12:24 | Mortar Team |
| 12:26 | Flying Machine |
| 13:05 | Flying Machine |
| 13:05 | Flying Machine |
| 13:05 | Flying Machine |
| 13:05 | Flying Machine |
| 13:05 | Flying Machine |
| 13:06 | Flying Machine |
| 13:06 | Flying Machine |
| 13:19 | Flying Machine |
| 13:52 | Flying Machine |
| 13:52 | Flying Machine |
| 13:54 | Imbued Gunpowder |
| 13:54 | Steel Plating |
| 14:40 | Guard Tower |
| 14:47 | Flying Machine |
| 14:48 | Flying Machine |
| 14:48 | Flying Machine |
| 14:52 | Farm |
| 14:53 | Farm |
| 14:54 | Farm |
| 14:54 | Farm |
| 14:57 | Gryphon Aviary |
| 15:16 | Imbued Masonry |
| 15:20 | Advanced Lumber Harvesting |
| 15:34 | Farm |
| 15:34 | Farm |
| 15:35 | Farm |
| 15:36 | Farm |
| 15:37 | Farm |
| 15:39 | Farm |
| 15:39 | Farm |
| 15:47 | Flying Machine |
| 15:47 | Flying Machine |
| 16:19 | Arcane Vault |
| 17:10 | Mortar Team |
| 17:33 | Mithril Plating |
| 17:35 | Studded Leather Armor |
| 17:45 | Cloud |
| 17:45 | Dragonhawk Rider |
| 17:45 | Dragonhawk Rider |
| 19:14 | Dragonhawk Rider |
| 20:42 | Flying Machine |
| 23:18 | Bash |
| 23:21 | Storm Bolt |
| 23:52 | Flying Machine |
| 23:52 | Flying Machine |
| 24:54 | Flying Machine |
| 24:55 | Flying Machine |
| 25:18 | Peasant |
| 25:18 | Peasant |
| 25:18 | Peasant |
| 25:18 | Peasant |
| 26:54 | Town Hall |
| 26:59 | Scout Tower |
| 27:01 | Scout Tower |
| 27:02 | Scout Tower |
| 27:03 | Scout Tower |
| 27:04 | Scout Tower |
| 27:04 | Scout Tower |
| 27:05 | Scout Tower |
| 27:06 | Scout Tower |
| 27:07 | Scout Tower |
| 27:11 | Scout Tower |
| 27:12 | Scout Tower |
| 27:13 | Scout Tower |
| 27:15 | Scout Tower |
| 27:16 | Scout Tower |
| 27:46 | Guard Tower |
| 27:49 | Scout Tower |
| 27:50 | Scout Tower |
| 27:51 | Scout Tower |
| 27:51 | Scout Tower |
| 28:24 | Guard Tower |
| 28:52 | Reinforced Leather Armor |
| 32:17 | Flying Machine |
| 32:17 | Flying Machine |
| 32:17 | Flying Machine |
| 33:35 | Mortar Team |
| 34:55 | Divine Shield |
| 35:01 | Divine Shield |
| 37:57 | Holy Light |
| 40:33 | Storm Bolt |
| 42:11 | Mortar Team |
| 42:25 | Scroll of Regeneration |
| 43:34 | Bash |
| 43:37 | Holy Light |
| 44:05 | Scroll of Regeneration |
| 44:48 | Scout Tower |
| 44:49 | Scout Tower |
| 44:50 | Scout Tower |
| 44:51 | Scout Tower |
| 44:52 | Scout Tower |
| 44:54 | Scout Tower |
| 44:54 | Scout Tower |
| 44:55 | Scout Tower |
| 44:56 | Scout Tower |
| 44:57 | Scout Tower |
| 44:58 | Scout Tower |
| 44:59 | Scout Tower |
| 45:00 | Scout Tower |
| 46:48 | Guard Tower |
| 47:17 | Town Hall |
| 47:22 | Divine Shield |
| 48:15 | Scout Tower |
| 48:16 | Scout Tower |
| 48:17 | Scout Tower |
| 48:18 | Scout Tower |
| 48:19 | Scout Tower |
| 48:20 | Scout Tower |
| 48:21 | Scout Tower |
| 48:22 | Scout Tower |
| 49:07 | Bash |
| 52:23 | Mortar Team |
| 54:23 | Storm Bolt |
| 55:23 | Holy Light |
| 55:39 | Guard Tower |
| 56:24 | Scout Tower |
| 56:25 | Scout Tower |
| 56:27 | Scout Tower |
| 56:27 | Scout Tower |
| 56:28 | Scout Tower |
| 56:29 | Scout Tower |
| 56:38 | Scout Tower |
| 56:40 | Scout Tower |
| 56:40 | Scout Tower |
| 56:41 | Scout Tower |
| 56:41 | Scout Tower |
| 56:47 | Peasant |
| 56:47 | Peasant |
| 56:48 | Peasant |
| 56:48 | Peasant |
| 57:08 | Guard Tower |
| 58:14 | Guard Tower |
| 58:16 | Scout Tower |
| 58:17 | Scout Tower |
| 59:12 | Guard Tower |
| 61:25 | Gryphon Rider |
| 62:18 | Dragonhawk Rider |
| 63:01 | Avatar |
| 63:03 | Storm Bolt |
| 63:06 | Divine Shield |
| 63:06 | Holy Light |
| 63:29 | Scroll of Regeneration |
| 73:18 | Avatar |
| 73:20 | Resurrection |
| 73:22 | Resurrection |
| Right click | 2341 |
| Select group | 1293 |
| Select | 568 |
| Use ability | 161 |
| Build/train/purchase | 157 |
| Misc. action | 79 |
| Chat | 17 |
| Minimap ping | 15 |
| Assign group | 10 |
| Remove unit | 4 |
| Esc | 3 |
| Item give/drop | 2 |
Jgraham2
(30)
(75:09) : 

| Peasant | 13 | 975 | / | 0 |
| total: | 13 | 975g | / | 0w |
| Scout Tower | 49 | 1470 | / | 980 |
| Arcane Tower | 1 | 70 | / | 50 |
| Guard Tower | 28 | 1960 | / | 1400 |
| Altar of Kings | 3 | 540 | / | 150 |
| Farm | 7 | 560 | / | 140 |
| Lumber Mill | 2 | 240 | / | 0 |
| Town Hall | 1 | 385 | / | 205 |
| Keep | 1 | 320 | / | 210 |
| total: | 62 | 3195g | / | 1475w |
| 0:04 | Altar of Kings |
| 0:05 | Peasant |
| 0:05 | Peasant |
| 0:05 | Peasant |
| 0:05 | Peasant |
| 0:21 | Farm |
| 0:25 | Peasant |
| 0:44 | Farm |
| 1:00 | Peasant |
| 1:06 | Farm |
| 1:17 | Peasant |
| 1:36 | Peasant |
| 1:41 | Scout Tower |
| 2:15 | Lumber Mill |
| 2:18 | Arcane Tower |
| 2:35 | Peasant |
| 2:35 | Peasant |
| 3:01 | Peasant |
| 3:11 | Storm Bolt |
| 3:32 | Scout Tower |
| 3:35 | Scout Tower |
| 3:38 | Scout Tower |
| 3:44 | Keep |
| 3:47 | Improved Masonry |
| 4:07 | Scout Tower |
| 4:12 | Scout Tower |
| 4:15 | Scout Tower |
| 4:22 | Guard Tower |
| 4:45 | Scout Tower |
| 4:53 | Scout Tower |
| 4:56 | Scout Tower |
| 5:01 | Guard Tower |
| 5:30 | Scout Tower |
| 5:36 | Scout Tower |
| 5:39 | Scout Tower |
| 5:41 | Guard Tower |
| 6:00 | Scout Tower |
| 6:02 | Guard Tower |
| 6:15 | Scout Tower |
| 6:21 | Guard Tower |
| 6:25 | Scout Tower |
| 6:47 | Scout Tower |
| 6:49 | Scout Tower |
| 6:53 | Scout Tower |
| 7:23 | Scout Tower |
| 7:25 | Scout Tower |
| 7:28 | Guard Tower |
| 7:32 | Peasant |
| 7:32 | Peasant |
| 7:40 | Holy Light |
| 7:49 | Altar of Kings |
| 8:03 | Guard Tower |
| 8:08 | Scout Tower |
| 8:12 | Scout Tower |
| 8:18 | Scout Tower |
| 8:42 | Altar of Kings |
| 8:49 | Scout Tower |
| 8:53 | Scout Tower |
| 8:56 | Guard Tower |
| 9:07 | Improved Lumber Harvesting |
| 9:08 | Advanced Masonry |
| 9:25 | Scout Tower |
| 9:27 | Scout Tower |
| 9:53 | Guard Tower |
| 9:59 | Scout Tower |
| 10:04 | Scout Tower |
| 10:14 | Lumber Mill |
| 10:58 | Guard Tower |
| 11:06 | Scout Tower |
| 11:11 | Scout Tower |
| 11:13 | Guard Tower |
| 11:43 | Scout Tower |
| 11:51 | Scout Tower |
| 11:54 | Guard Tower |
| 12:01 | Farm |
| 12:30 | Scout Tower |
| 12:32 | Guard Tower |
| 12:34 | Guard Tower |
| 12:51 | Farm |
| 13:00 | Scout Tower |
| 13:03 | Guard Tower |
| 13:52 | Farm |
| 13:57 | Scout Tower |
| 13:59 | Guard Tower |
| 14:29 | Scout Tower |
| 14:31 | Guard Tower |
| 15:03 | Guard Tower |
| 15:28 | Scout Tower |
| 16:05 | Scout Tower |
| 16:06 | Guard Tower |
| 17:15 | Scout Tower |
| 17:16 | Guard Tower |
| 24:49 | Town Hall |
| 53:31 | Scout Tower |
| 54:09 | Scout Tower |
| 54:13 | Scout Tower |
| 54:14 | Scout Tower |
| 54:19 | Guard Tower |
| 54:43 | Guard Tower |
| 55:11 | Guard Tower |
| 55:29 | Farm |
| 55:35 | Guard Tower |
| 55:40 | Scout Tower |
| 56:25 | Scout Tower |
| 56:27 | Scout Tower |
| 56:30 | Guard Tower |
| 57:04 | Guard Tower |
| 58:20 | Guard Tower |
| 67:17 | Scout Tower |
| 67:45 | Guard Tower |
| Right click | 2006 |
| Select group | 1713 |
| Select | 337 |
| Build/train/purchase | 53 |
| Use ability | 30 |
| Resource trade | 24 |
| Minimap ping | 19 |
| Assign group | 13 |
| Misc. action | 1 |
Cabeelibob
(194)
(75:09) : 
| Healing Salve | 6 | 600 |
| Lesser Clarity Potion | 21 | 1470 |
| Orb of Lightning | 1 | 375 |
| Tiny Great Hall | 1 | 600 |
| Potion of Mana | 1 | 200 |
| Potion of Healing | 1 | 150 |
| Staff of Teleportation | 1 | 150 |
| Boots of Speed | 1 | 250 |
| Potion of Lesser Invulnerability | 3 | 450 |
| Orb of Fire | 1 | 325 |
| total: | 37 | 4570g |
| Peon | 41 | 3075 | / | 0 |
| total: | 41 | 3075g | / | 0w |
| Watch Tower | 9 | 990 | / | 720 |
| Altar of Storms | 3 | 540 | / | 150 |
| Orc Burrow | 5 | 800 | / | 200 |
| Voodoo Lounge | 3 | 390 | / | 90 |
| War Mill | 2 | 410 | / | 0 |
| Great Hall | 7 | 2695 | / | 1295 |
| Stronghold | 2 | 630 | / | 380 |
| Fortress | 1 | 325 | / | 190 |
| total: | 29 | 5825g | / | 2455w |
| 0:02 | Altar of Storms |
| 0:04 | Orc Burrow |
| 0:05 | Peon |
| 0:05 | Peon |
| 0:11 | Orc Burrow |
| 0:28 | Peon |
| 0:39 | Altar of Storms |
| 0:51 | Peon |
| 0:54 | Peon |
| 1:06 | Voodoo Lounge |
| 1:09 | Peon |
| 1:22 | Orc Burrow |
| 1:25 | Peon |
| 1:41 | Peon |
| 1:57 | War Mill |
| 2:02 | Peon |
| 2:20 | Orc Burrow |
| 2:26 | Peon |
| 2:44 | Wind Walk |
| 2:55 | Peon |
| 3:15 | Watch Tower |
| 3:19 | Peon |
| 3:54 | Peon |
| 3:57 | Stronghold |
| 4:00 | Healing Salve |
| 4:24 | Lesser Clarity Potion |
| 4:41 | Watch Tower |
| 4:43 | Watch Tower |
| 5:38 | Spiked Barricades |
| 5:47 | Critical Strike |
| 6:44 | Fortress |
| 7:32 | Healing Salve |
| 8:02 | Staff of Teleportation |
| 8:03 | Boots of Speed |
| 10:05 | Voodoo Lounge |
| 10:10 | Altar of Storms |
| 10:16 | Voodoo Lounge |
| 11:08 | Orb of Lightning |
| 11:17 | Tiny Great Hall |
| 11:30 | Orc Burrow |
| 11:37 | War Mill |
| 12:32 | Reinforced Defenses |
| 13:11 | Lesser Clarity Potion |
| 13:19 | Potion of Mana |
| 13:23 | Potion of Healing |
| 15:34 | Critical Strike |
| 21:34 | Lesser Clarity Potion |
| 21:38 | Lesser Clarity Potion |
| 23:42 | Wind Walk |
| 24:22 | Lesser Clarity Potion |
| 24:37 | Great Hall |
| 26:32 | Lesser Clarity Potion |
| 30:31 | Watch Tower |
| 30:40 | Watch Tower |
| 30:43 | Peon |
| 30:44 | Peon |
| 30:44 | Peon |
| 30:45 | Peon |
| 30:45 | Peon |
| 31:55 | Critical Strike |
| 32:37 | Watch Tower |
| 32:40 | Watch Tower |
| 32:41 | Watch Tower |
| 32:50 | Peon |
| 32:50 | Peon |
| 32:50 | Peon |
| 33:24 | Watch Tower |
| 34:34 | Lesser Clarity Potion |
| 34:41 | Great Hall |
| 36:34 | Lesser Clarity Potion |
| 37:49 | Lesser Clarity Potion |
| 37:51 | Healing Salve |
| 38:45 | Great Hall |
| 39:12 | Great Hall |
| 39:53 | Lesser Clarity Potion |
| 42:10 | Healing Salve |
| 42:11 | Lesser Clarity Potion |
| 42:18 | Peon |
| 42:18 | Peon |
| 42:18 | Peon |
| 42:19 | Peon |
| 42:19 | Peon |
| 42:22 | Peon |
| 42:22 | Peon |
| 42:23 | Peon |
| 42:23 | Peon |
| 43:01 | Bladestorm |
| 44:26 | Peon |
| 44:26 | Peon |
| 44:27 | Peon |
| 44:27 | Peon |
| 45:43 | Lesser Clarity Potion |
| 45:58 | Healing Salve |
| 47:23 | Lesser Clarity Potion |
| 48:14 | Lesser Clarity Potion |
| 50:05 | Great Hall |
| 54:14 | Lesser Clarity Potion |
| 55:58 | Wind Walk |
| 56:16 | Lesser Clarity Potion |
| 56:50 | Lesser Clarity Potion |
| 57:32 | Great Hall |
| 60:01 | Potion of Lesser Invulnerability |
| 60:58 | Lesser Clarity Potion |
| 63:33 | Mirror Image |
| 63:41 | Great Hall |
| 66:13 | Potion of Lesser Invulnerability |
| 66:46 | Peon |
| 66:47 | Peon |
| 66:47 | Peon |
| 66:48 | Peon |
| 67:22 | Lesser Clarity Potion |
| 67:26 | Healing Salve |
| 68:07 | Peon |
| 68:08 | Peon |
| 68:08 | Peon |
| 69:22 | Potion of Lesser Invulnerability |
| 70:00 | Lesser Clarity Potion |
| 70:04 | Stronghold |
| 70:54 | Lesser Clarity Potion |
| 71:07 | Orb of Fire |
| 74:25 | Mirror Image |
| Right click | 2506 |
| Select | 374 |
| Misc. action | 220 |
| Build/train/purchase | 198 |
| Select group | 110 |
| Use ability | 61 |
| Minimap ping | 12 |
| Remove unit | 11 |
| Resource trade | 10 |
| Item give/drop | 7 |
| Chat | 6 |
| Assign group | 2 |
204 units @ 34k
/ 7.3k
112 buildings @ 16.4k
/ 6.6k



| Scroll of Town Portal | 1 | 350 |
| total: | 1 | 350g |
| Peon | 15 | 1125 | / | 0 |
| Grunt | 1 | 200 | / | 0 |
| Troll Headhunter | 11 | 1540 | / | 220 |
| Shaman | 9 | 1170 | / | 180 |
| Troll Berserker | 15 | 2100 | / | 300 |
| Tauren | 6 | 1680 | / | 480 |
| Demolisher | 5 | 1100 | / | 250 |
| total: | 62 | 8915g | / | 1430w |
| Watch Tower | 18 | 1980 | / | 1440 |
| Altar of Storms | 2 | 360 | / | 100 |
| Orc Burrow | 16 | 2560 | / | 640 |
| Barracks | 1 | 180 | / | 50 |
| War Mill | 2 | 410 | / | 0 |
| Great Hall | 4 | 1540 | / | 740 |
| Spirit Lodge | 1 | 150 | / | 150 |
| Tauren Totem | 1 | 135 | / | 155 |
| Stronghold | 2 | 630 | / | 380 |
| Fortress | 2 | 650 | / | 380 |
| total: | 45 | 7315g | / | 3275w |
| 0:17 | Peon |
| 0:17 | Peon |
| 0:20 | Altar of Storms |
| 0:35 | Peon |
| 0:41 | Orc Burrow |
| 0:44 | Orc Burrow |
| 0:47 | Peon |
| 1:04 | Peon |
| 1:17 | Peon |
| 1:33 | Barracks |
| 1:46 | Orc Burrow |
| 1:54 | Peon |
| 2:06 | War Mill |
| 2:20 | Peon |
| 2:38 | Grunt |
| 2:57 | Feral Spirit |
| 3:27 | Troll Headhunter |
| 3:28 | Troll Headhunter |
| 3:33 | Stronghold |
| 3:45 | Troll Headhunter |
| 4:14 | Troll Headhunter |
| 4:19 | Chain Lighting |
| 4:22 | Troll Headhunter |
| 4:37 | Orc Burrow |
| 4:50 | Watch Tower |
| 5:31 | Troll Headhunter |
| 5:51 | Troll Headhunter |
| 5:55 | Steel Ranged Weapons |
| 5:55 | Steel Armor |
| 5:58 | Fortress |
| 6:11 | Spirit Lodge |
| 6:40 | Feral Spirit |
| 7:02 | Troll Headhunter |
| 7:02 | Troll Regeneration |
| 7:04 | Troll Headhunter |
| 7:17 | Orc Burrow |
| 7:50 | Troll Headhunter |
| 8:04 | Chain Lighting |
| 8:28 | Berserker Upgrade |
| 8:38 | Tauren Totem |
| 9:14 | Troll Headhunter |
| 9:20 | Shaman |
| 9:55 | Troll Berserker |
| 10:24 | Shaman |
| 10:38 | Peon |
| 10:39 | Peon |
| 11:31 | Orc Burrow |
| 12:15 | War Stomp |
| 13:48 | Healing Wave |
| 14:02 | Great Hall |
| 14:04 | Peon |
| 14:04 | Peon |
| 14:11 | Watch Tower |
| 14:12 | Watch Tower |
| 14:14 | Watch Tower |
| 14:32 | Tauren |
| 14:32 | Pulverize |
| 14:34 | Shaman Adept Training |
| 14:34 | Shaman |
| 15:13 | Peon |
| 15:13 | Peon |
| 15:14 | Peon |
| 15:36 | Troll Berserker |
| 15:40 | Thorium Ranged Weapons |
| 15:40 | Thorium Armor |
| 15:43 | Steel Melee Weapons |
| 16:17 | Orc Burrow |
| 17:16 | Orc Burrow |
| 17:33 | Great Hall |
| 17:37 | Watch Tower |
| 17:38 | Watch Tower |
| 17:54 | Tauren |
| 18:47 | Watch Tower |
| 18:48 | Watch Tower |
| 22:13 | Orc Burrow |
| 22:49 | Orc Burrow |
| 23:43 | Orc Burrow |
| 23:52 | Orc Burrow |
| 25:44 | Orc Burrow |
| 25:56 | Great Hall |
| 26:38 | Orc Burrow |
| 26:40 | Orc Burrow |
| 26:47 | Stronghold |
| 27:41 | Chain Lighting |
| 28:00 | Orc Burrow |
| 28:23 | Watch Tower |
| 28:23 | Watch Tower |
| 28:25 | Watch Tower |
| 28:28 | Watch Tower |
| 28:34 | Watch Tower |
| 28:35 | Watch Tower |
| 28:36 | Watch Tower |
| 28:38 | Watch Tower |
| 29:08 | Scroll of Town Portal |
| 29:31 | Watch Tower |
| 30:08 | Watch Tower |
| 30:24 | Troll Berserker |
| 30:30 | Troll Berserker |
| 31:16 | Shockwave |
| 31:35 | Serpent Ward |
| 31:53 | Troll Berserker |
| 32:21 | Fortress |
| 32:53 | Demolisher |
| 32:55 | Troll Berserker |
| 33:14 | Shaman |
| 33:44 | Reinforced Defenses |
| 33:55 | Healing Wave |
| 34:26 | Troll Berserker |
| 34:45 | Troll Berserker |
| 36:15 | Demolisher |
| 37:32 | Shaman |
| 37:34 | Troll Berserker |
| 37:35 | Demolisher |
| 37:35 | Demolisher |
| 37:57 | Tauren |
| 38:14 | Shaman Master Training |
| 38:18 | Shaman |
| 40:35 | Tauren |
| 41:44 | Troll Berserker |
| 41:44 | Troll Berserker |
| 42:14 | Troll Berserker |
| 42:16 | Shaman |
| 42:18 | Tauren |
| 43:51 | Troll Berserker |
| 44:05 | Shaman |
| 44:42 | Troll Berserker |
| 44:43 | Troll Berserker |
| 44:46 | Shaman |
| 44:47 | Tauren |
| 45:25 | Altar of Storms |
| 45:32 | War Mill |
| 46:59 | Demolisher |
| 48:59 | Great Hall |
| 53:54 | Feral Spirit |
| Right click | 1298 |
| Select | 552 |
| Select group | 154 |
| Build/train/purchase | 118 |
| Use ability | 41 |
| Chat | 34 |
| Assign group | 25 |
| Misc. action | 11 |
| Resource trade | 7 |
| Minimap ping | 4 |
| Item give/drop | 3 |
| Remove unit | 3 |
| Esc | 2 |


| Rod of Necromancy | 2 | 300 |
| Sacrificial Skull | 2 | 100 |
| Scroll of Town Portal | 2 | 700 |
| total: | 6 | 1100g |
| Acolyte | 16 | 1200 | / | 0 |
| Ghoul | 4 | 480 | / | 0 |
| Crypt Fiend | 27 | 5805 | / | 1080 |
| Frost Wyrm | 8 | 3080 | / | 960 |
| Meat Wagon | 9 | 2070 | / | 450 |
| Obsidian Statue | 1 | 200 | / | 35 |
| Mortar Team | 14 | 2520 | / | 980 |
| total: | 79 | 15355g | / | 3505w |
| Spirit Tower | 12 | 1740 | / | 480 |
| Nerubian Tower | 3 | 300 | / | 60 |
| Graveyard | 2 | 430 | / | 0 |
| Altar of Darkness | 2 | 360 | / | 100 |
| Ziggurat | 24 | 3600 | / | 1200 |
| Tomb of Relics | 1 | 130 | / | 30 |
| Crypt | 2 | 400 | / | 100 |
| Necropolis | 2 | 450 | / | 0 |
| Sacrificial Pit | 1 | 75 | / | 150 |
| Slaughterhouse | 1 | 140 | / | 135 |
| Boneyard | 2 | 350 | / | 400 |
| Halls of the Dead | 3 | 960 | / | 630 |
| Black Citadel | 1 | 325 | / | 230 |
| total: | 37 | 5935g | / | 2115w |
| 0:04 | Acolyte |
| 0:05 | Acolyte |
| 0:24 | Graveyard |
| 0:38 | Altar of Darkness |
| 0:39 | Acolyte |
| 0:43 | Ziggurat |
| 0:59 | Tomb of Relics |
| 1:19 | Ziggurat |
| 1:54 | Crypt |
| 2:41 | Rod of Necromancy |
| 2:54 | Sacrificial Skull |
| 2:58 | Ghoul |
| 2:58 | Ghoul |
| 2:58 | Ghoul |
| 2:58 | Ghoul |
| 3:29 | Death Coil |
| 3:45 | Halls of the Dead |
| 3:53 | Crypt Fiend |
| 4:03 | Ziggurat |
| 4:29 | Unholy Strength |
| 5:01 | Crypt Fiend |
| 5:05 | Rod of Necromancy |
| 5:59 | Unholy Aura |
| 6:04 | Crypt Fiend |
| 6:04 | Crypt Fiend |
| 6:06 | Black Citadel |
| 6:24 | Sacrificial Pit |
| 6:26 | Web |
| 6:40 | Sacrificial Skull |
| 7:08 | Unholy Armor |
| 7:10 | Creature Attack |
| 7:19 | Ziggurat |
| 8:40 | Boneyard |
| 8:44 | Boneyard |
| 8:47 | Acolyte |
| 8:50 | Acolyte |
| 9:31 | Creature Carapace |
| 9:42 | Frost Nova |
| 10:03 | Death Coil |
| 10:27 | Frost Wyrm |
| 10:31 | Spirit Tower |
| 10:40 | Spirit Tower |
| 10:45 | Acolyte |
| 10:45 | Acolyte |
| 10:51 | Acolyte |
| 10:51 | Acolyte |
| 11:26 | Frost Wyrm |
| 11:29 | Acolyte |
| 11:29 | Acolyte |
| 11:53 | Ziggurat |
| 11:55 | Ziggurat |
| 11:57 | Ziggurat |
| 12:31 | Frost Armor |
| 12:55 | Frost Wyrm |
| 13:24 | Crypt Fiend |
| 13:48 | Nerubian Tower |
| 14:01 | Ziggurat |
| 14:04 | Frost Wyrm |
| 14:42 | Spirit Tower |
| 14:43 | Spirit Tower |
| 14:57 | Improved Creature Carapace |
| 15:38 | Frost Armor |
| 15:53 | Frost Wyrm |
| 15:58 | Ziggurat |
| 16:01 | Improved Creature Attack |
| 16:56 | Freezing Breath |
| 17:46 | Frost Wyrm |
| 17:47 | Advanced Creature Attack |
| 18:11 | Unholy Aura |
| 18:28 | Spirit Tower |
| 20:34 | Frost Wyrm |
| 22:48 | Necropolis |
| 23:21 | Graveyard |
| 23:45 | Crypt Fiend |
| 23:46 | Crypt Fiend |
| 24:35 | Crypt Fiend |
| 24:41 | Ziggurat |
| 24:42 | Ziggurat |
| 24:44 | Ziggurat |
| 24:48 | Acolyte |
| 24:48 | Acolyte |
| 25:33 | Halls of the Dead |
| 25:39 | Spirit Tower |
| 25:52 | Crypt Fiend |
| 27:57 | Slaughterhouse |
| 28:02 | Ziggurat |
| 28:04 | Ziggurat |
| 28:06 | Ziggurat |
| 28:32 | Ziggurat |
| 29:08 | Meat Wagon |
| 29:09 | Meat Wagon |
| 29:11 | Meat Wagon |
| 29:42 | Spirit Tower |
| 30:08 | Spirit Tower |
| 32:06 | Frost Wyrm |
| 32:58 | Obsidian Statue |
| 32:58 | Meat Wagon |
| 34:03 | Crypt Fiend |
| 34:03 | Crypt Fiend |
| 34:48 | Meat Wagon |
| 35:42 | Meat Wagon |
| 35:42 | Meat Wagon |
| 35:42 | Meat Wagon |
| 40:49 | Necropolis |
| 42:00 | Ziggurat |
| 42:54 | Crypt |
| 43:04 | Ziggurat |
| 43:26 | Ziggurat |
| 43:28 | Ziggurat |
| 43:31 | Ziggurat |
| 44:19 | Spirit Tower |
| 44:21 | Nerubian Tower |
| 44:23 | Spirit Tower |
| 44:25 | Spirit Tower |
| 44:29 | Nerubian Tower |
| 45:00 | Crypt Fiend |
| 45:00 | Crypt Fiend |
| 45:11 | Ziggurat |
| 47:10 | Halls of the Dead |
| 47:12 | Crypt Fiend |
| 47:12 | Crypt Fiend |
| 47:12 | Crypt Fiend |
| 47:12 | Crypt Fiend |
| 47:19 | Spirit Tower |
| 47:49 | Meat Wagon |
| 48:01 | Death Coil |
| 48:04 | Frost Nova |
| 48:55 | Scroll of Town Portal |
| 51:28 | Acolyte |
| 51:28 | Acolyte |
| 51:29 | Acolyte |
| 51:55 | Scroll of Town Portal |
| 53:57 | Altar of Darkness |
| 55:26 | Frost Nova |
| 55:46 | Mortar Team |
| 55:46 | Mortar Team |
| 55:46 | Mortar Team |
| 55:46 | Mortar Team |
| 55:48 | Mortar Team |
| 55:48 | Mortar Team |
| 55:48 | Mortar Team |
| 55:53 | Crypt Fiend |
| 55:53 | Crypt Fiend |
| 55:53 | Crypt Fiend |
| 55:53 | Crypt Fiend |
| 57:12 | Mortar Team |
| 57:13 | Mortar Team |
| 58:46 | Ziggurat |
| 58:49 | Ziggurat |
| 60:01 | Crypt Fiend |
| 60:01 | Crypt Fiend |
| 61:07 | Mortar Team |
| 61:07 | Mortar Team |
| 61:07 | Mortar Team |
| 61:07 | Mortar Team |
| 61:07 | Mortar Team |
| 61:25 | Crypt Fiend |
| 61:25 | Crypt Fiend |
| 61:26 | Crypt Fiend |
| 61:26 | Crypt Fiend |
| Right click | 1442 |
| Select | 691 |
| Select group | 150 |
| Build/train/purchase | 139 |
| Assign group | 78 |
| Use ability | 72 |
| Minimap ping | 10 |
| Chat | 9 |
| Item give/drop | 5 |
| Misc. action | 1 |


| Potion of Healing | 1 | 150 |
| Ivory Tower | 3 | 120 |
| Orb of Fire | 2 | 650 |
| Periapt of Vitality | 1 | 325 |
| total: | 7 | 1245g |
| Peasant | 14 | 1050 | / | 0 |
| Footman | 2 | 270 | / | 0 |
| Rifleman | 10 | 2050 | / | 300 |
| Priest | 8 | 1080 | / | 80 |
| Mortar Team | 27 | 4860 | / | 1890 |
| Siege Engine | 2 | 390 | / | 120 |
| total: | 63 | 9700g | / | 2390w |
| Scout Tower | 5 | 150 | / | 100 |
| Guard Tower | 4 | 280 | / | 200 |
| Arcane Tower | 1 | 70 | / | 50 |
| Farm | 13 | 1040 | / | 260 |
| Altar of Kings | 2 | 360 | / | 100 |
| Barracks | 1 | 160 | / | 60 |
| Lumber Mill | 3 | 360 | / | 0 |
| Blacksmith | 1 | 140 | / | 60 |
| Arcane Vault | 1 | 130 | / | 30 |
| Town Hall | 1 | 385 | / | 205 |
| Arcane Sanctum | 2 | 300 | / | 280 |
| Workshop | 1 | 140 | / | 140 |
| Keep | 2 | 640 | / | 420 |
| Castle | 2 | 720 | / | 420 |
| total: | 30 | 3165g | / | 1235w |
| 0:03 | Peasant |
| 0:04 | Peasant |
| 0:09 | Farm |
| 0:18 | Altar of Kings |
| 0:28 | Barracks |
| 0:35 | Peasant |
| 0:52 | Peasant |
| 0:53 | Peasant |
| 1:01 | Lumber Mill |
| 1:06 | Lumber Mill |
| 1:21 | Farm |
| 1:37 | Footman |
| 1:38 | Footman |
| 2:18 | Scout Tower |
| 2:23 | Scout Tower |
| 2:31 | Blacksmith |
| 2:38 | Summon Water Elemental |
| 2:51 | Guard Tower |
| 3:26 | Peasant |
| 3:26 | Peasant |
| 3:36 | Brilliance Aura |
| 3:52 | Keep |
| 4:06 | Improved Masonry |
| 4:11 | Rifleman |
| 4:47 | Farm |
| 4:51 | Scout Tower |
| 4:56 | Scout Tower |
| 5:08 | Black Gunpowder |
| 5:22 | Farm |
| 5:38 | Rifleman |
| 5:39 | Rifleman |
| 6:01 | Guard Tower |
| 6:18 | Summon Bear |
| 6:29 | Improved Lumber Harvesting |
| 6:30 | Advanced Masonry |
| 7:13 | Rifleman |
| 7:14 | Long Rifles |
| 7:24 | Farm |
| 7:29 | Arcane Vault |
| 7:52 | Summon Quilbeast |
| 8:06 | Summon Water Elemental |
| 8:50 | Rifleman |
| 8:53 | Refined Gunpowder |
| 9:07 | Arcane Sanctum |
| 9:13 | Arcane Sanctum |
| 9:22 | Lumber Mill |
| 9:32 | Potion of Healing |
| 9:50 | Rifleman |
| 10:31 | Periapt of Vitality |
| 11:01 | Town Hall |
| 11:25 | Magic Sentry |
| 11:25 | Priest |
| 11:26 | Priest |
| 11:34 | Castle |
| 11:51 | Farm |
| 12:33 | Scout Tower |
| 13:24 | Arcane Tower |
| 13:31 | Priest Adept Training |
| 13:47 | Ivory Tower |
| 14:00 | Guard Tower |
| 14:09 | Rifleman |
| 14:16 | Imbued Gunpowder |
| 14:23 | Peasant |
| 14:29 | Orb of Fire |
| 14:43 | Rifleman |
| 14:44 | Rifleman |
| 15:33 | Summon Bear |
| 16:06 | Workshop |
| 16:37 | Peasant |
| 16:51 | Priest Master Training |
| 17:08 | Advanced Lumber Harvesting |
| 17:19 | Orb of Fire |
| 17:30 | Studded Leather Armor |
| 17:34 | Peasant |
| 17:35 | Peasant |
| 17:44 | Priest |
| 18:13 | Mortar Team |
| 18:14 | Mortar Team |
| 19:47 | Imbued Masonry |
| 20:20 | Brilliance Aura |
| 20:45 | Priest |
| 20:46 | Priest |
| 23:47 | Keep |
| 24:08 | Farm |
| 24:13 | Farm |
| 24:27 | Priest |
| 25:55 | Mortar Team |
| 25:55 | Mortar Team |
| 26:02 | Farm |
| 26:03 | Farm |
| 26:04 | Farm |
| 26:26 | Castle |
| 26:33 | Mortar Team |
| 27:13 | Mortar Team |
| 27:24 | Reinforced Leather Armor |
| 27:32 | Ivory Tower |
| 27:33 | Ivory Tower |
| 28:05 | Guard Tower |
| 28:20 | Mortar Team |
| 28:21 | Mortar Team |
| 28:57 | Siege Engine |
| 28:58 | Siege Engine |
| 29:06 | Farm |
| 29:08 | Farm |
| 29:56 | Dragonhide Armor |
| 32:15 | Mortar Team |
| 32:15 | Mortar Team |
| 32:16 | Mortar Team |
| 32:16 | Mortar Team |
| 32:58 | Peasant |
| 32:59 | Peasant |
| 34:23 | Mortar Team |
| 34:24 | Mortar Team |
| 34:41 | Summon Quilbeast |
| 35:09 | Mortar Team |
| 35:18 | Summon Water Elemental |
| 37:15 | Mortar Team |
| 37:15 | Mortar Team |
| 38:03 | Mortar Team |
| 38:40 | Mortar Team |
| 38:55 | Fragmentation Shards |
| 42:22 | Mortar Team |
| 42:22 | Mortar Team |
| 42:22 | Mortar Team |
| 42:23 | Mortar Team |
| 42:40 | Altar of Kings |
| 43:35 | Priest |
| 43:36 | Priest |
| 45:13 | Mortar Team |
| 45:13 | Mortar Team |
| 45:14 | Mortar Team |
| 46:20 | Mortar Team |
| 46:26 | Rifleman |
| 48:11 | Peasant |
| Right click | 1204 |
| Select | 773 |
| Build/train/purchase | 141 |
| Misc. action | 28 |
| Minimap ping | 12 |
| Use ability | 9 |
| Item give/drop | 6 |
| Chat | 6 |
| Remove unit | 1 |
⇛